 Dungeon Crawl Stone Soup version 0.31-a0-920-g28cbb04a8c (webtiles) character file.

Game seed: 8291717801216835372

105 gruber the Digger (level 4, -1/32 HPs)
             Began as a Gnoll Earth Elementalist on Oct 17, 2023.
             Slain by a gnoll sergeant
             ... wielding a +2 trident of flaming
              (11 damage)
             ... on level 2 of the Dungeon.
             The game lasted 00:02:10 (1270 turns).

gruber the Digger (Gnoll Earth Elementalist)        Turns: 1270, Time: 00:02:10

Health: -1/32      AC:  3    Str:  7    XL:     4   Next: 83%
Magic:  8/11       EV: 13    Int: 17    God:
Gold:   126        SH:  0    Dex: 12    Spells: 12/13 levels left

rFire   . . .        n - +0 flail (protect)
rCold   . . .        (no shield)
rNeg    . . .        a - +0 robe
rPois   .            (no helmet)
rElec   .            (no cloak)
rCorr   .            c - +0 pair of gloves
SInv    .            (no boots)
Will    .....        (no amulet)
Stlth   +++          (no ring)
HPRegen 0.25/turn    (no ring)
MPRegen 0.12/turn

%: no passive effects
@: no status effects
A: fangs 1, strong nose, distributed training
a: no special abilities


You were on level 2 of the Dungeon.
You visited 1 branch of the dungeon, and saw 2 of its levels.

You collected 126 gold pieces.

Inventory:

Hand Weapons
 n - a +0 flail of protection (weapon)
Missiles
 d - 4 poisoned darts
Armour
 a - a +0 robe (worn)
 c - a +0 pair of gloves (worn)
Scrolls
 f - a scroll of noise {unknown}
 h - a scroll of blinking {unknown}
 j - a scroll of revelation {unknown}
 k - a scroll of fog {unknown}
 l - a scroll of butterflies {unknown}
 m - a scroll of immolation {unknown}
Potions
 b - a potion of magic
 e - a potion of berserk rage {unknown}
 i - a potion of heal wounds {unknown}


   Skills:
 + Level 1.2 Fighting
 + Level 1.2 Short Blades
 + Level 1.2 Long Blades
 + Level 1.2 Axes
 + Level 1.2 Maces & Flails
 + Level 1.2 Polearms
 + Level 1.2 Staves
 + Level 1.2 Ranged Weapons
 + Level 1.2 Throwing
 + Level 1.2 Armour
 + Level 4.7 Dodging
 + Level 4.3 Stealth
 + Level 1.2 Shields
 + Level 1.2 Unarmed Combat
 + Level 5.1 Spellcasting
 + Level 1.0 Conjurations
 + Level 1.0 Hexes
 + Level 1.0 Summonings
 + Level 1.0 Necromancy
 + Level 1.0 Translocations
 + Level 2.3 Transmutations
 + Level 1.0 Fire Magic
 + Level 1.0 Ice Magic
 + Level 1.0 Air Magic
 + Level 5.5 Earth Magic
 + Level 1.0 Poison Magic
 + Level 1.4 Invocations
 + Level 1.2 Evocations
 + Level 1.1 Shapeshifting


You had 12 spell levels left.
You knew the following spells:

 Your Spells              Type           Power      Damage    Failure   Level
a - Sandblast             Erth           46%        2d11      1%          1

Your spell library contained the following spells:

 Spells                   Type           Power      Damage    Failure   Level
 Passwall                 Tmut/Erth      14%        N/A       4%          2
 Stone Arrow              Conj/Erth      30%        3d8       11%         3
 Scorch                   Fire           14%        2d5       14%         2
 Petrify                  Tmut/Erth      17%        N/A       28%         4
 Brom's Barrelling Bould  Conj/Erth      15%        2d4       36%         4
 Flame Wave               Conj/Fire      7%         2d5       65%         4
 Summon Cactus Giant      Summ           3%         N/A       100%        6


Dungeon Overview and Level Annotations

Branches:
Dungeon (2/15)

Altars:


Innate Abilities, Weirdness & Mutations

You have very sharp teeth.
Your uncanny sense of smell can sniff out nearby items.
Your experience applies equally to all skills.


Message History

Press: ? - help, Shift-Dir - straight line, f - gnoll
Aim: a gnoll, wielding a +0 whip (85% to hit)
The blast of sand hits the gnoll!
The gnoll is almost dead.
The gnoll barely misses you.
Unknown command.
Unknown command.
Casting: Sandblast (safe; 1% risk of failure)
Confirm with . or Enter, or press ? or * to list all spells.
Aiming: Sandblast (safe; 1% risk of failure)
Press: ? - help, Shift-Dir - straight line, f/p - gnoll
Aim: a gnoll, wielding a +0 whip (almost dead, 85% to hit)
The blast of sand hits the gnoll!
You kill the gnoll!
Unknown command.
Unknown command.
Items here: ))) †††.
n - a +0 flail of protection Your +0 flail of protection hums with potential!
n - a +0 flail of protection (weapon)
You drop a +0 long sword.
Found a hand axe.
d - 4 poisoned darts (gained 1)
The gnoll sergeant shouts!
You hear a shout!
A gnoll is nearby!
Unknown command.
Items here: ))) †††.
The blast of sand hits the gnoll!
You kill the gnoll!
The blast of sand hits the gnoll sergeant but does no damage.
The blast of sand hits the gnoll sergeant.
The gnoll sergeant is lightly wounded.
The gnoll sergeant hits you from afar with a +2 trident of flaming!
The gnoll sergeant burns you.
The blast of sand hits the gnoll sergeant but does no damage.
The gnoll sergeant is lightly wounded.
The gnoll sergeant hits you from afar with a +2 trident of flaming!
The gnoll sergeant burns you.
The gnoll sergeant hits you from afar with a +2 trident of flaming!
You die...

########
#..)g..#
#.####@# ♣.♣
##.#######
♣♣.♣♣#........#
♣)..♣########.#
♣♣...♣♣ #.#
♣.....♣ #.#
♣♣.♣..)♣♣ #.#
♣♣....♣..♣♣ #.#
♣)........♣ #.#


You could see a gnoll sergeant.

Vanquished Creatures
  4 gnolls (D:2)
  2 adders (D:2)
  2 dart slugs (D:1)
  2 worms (D:2)
  3 endoplasms (D:1)
  2 giant cockroaches
  4 hobgoblins
  3 kobolds
  5 quokkas
  2 ball pythons (D:1)
  3 bats
  2 frilled lizards
  4 goblins (D:1)
  4 rats
42 creatures vanquished.

Notes
Turn   | Place    | Note
-------+----------+-------------------------------------------
     0 | D:1      | gruber the Gnoll Earth Elementalist began the quest for the
                  | Orb.
     0 | D:1      | Reached XP level 1. HP: 13/13 MP: 6/6
    95 | D:1      | Reached XP level 2. HP: 19/19 MP: 4/7
   472 | D:1      | Reached skill level 5 in Spellcasting
   472 | D:1      | Reached XP level 3. HP: 25/25 MP: 4/9
   783 | D:2      | Reached skill level 1 in Invocations
   980 | D:2      | Reached skill level 1 in Fighting
   980 | D:2      | Reached skill level 1 in Short Blades
   980 | D:2      | Reached skill level 1 in Long Blades
   980 | D:2      | Reached skill level 1 in Axes
   980 | D:2      | Reached skill level 1 in Maces & Flails
   980 | D:2      | Reached skill level 1 in Polearms
   980 | D:2      | Reached skill level 1 in Staves
   980 | D:2      | Reached skill level 1 in Ranged Weapons
   980 | D:2      | Reached skill level 1 in Throwing
   980 | D:2      | Reached skill level 1 in Armour
   980 | D:2      | Reached skill level 1 in Shields
   980 | D:2      | Reached skill level 1 in Unarmed Combat
   980 | D:2      | Reached skill level 1 in Evocations
   989 | D:2      | Reached skill level 1 in Shapeshifting
   989 | D:2      | Reached XP level 4. HP: 31/32 MP: 6/11
  1151 | D:2      | Reached skill level 1 in Conjurations
  1151 | D:2      | Reached skill level 1 in Hexes
  1151 | D:2      | Reached skill level 1 in Summonings
  1151 | D:2      | Reached skill level 1 in Necromancy
  1151 | D:2      | Reached skill level 1 in Translocations
  1151 | D:2      | Reached skill level 1 in Fire Magic
  1151 | D:2      | Reached skill level 1 in Ice Magic
  1151 | D:2      | Reached skill level 1 in Air Magic
  1151 | D:2      | Reached skill level 1 in Poison Magic
  1249 | D:2      | Noticed a gnoll sergeant
  1249 | D:2      | Found the +5 woodcutter's axe
  1270 | D:2      | Slain by a gnoll sergeant

Illustrated notes

Levels and vault maps discovered:
D:1:      tarquinn_simple_flora_water_f, layout_rooms, serial_park_tiny_1
D:2:      minmay_razor_zed, layout_basic, pf_guarded_unrand_woodcutter

Skill      XL: |  1  2  3  4 |
---------------+-------------+-----
Transmutations | 2 |  2.3
Spellcasting   | 5 |  5.1
Invocations    | 1 |  1.4
Fighting       | 1 |  1.2
Short Blades   | 1 |  1.2
Long Blades    | 1 |  1.2
Axes           | 1 |  1.2
Maces & Flails | 1 |  1.2
Polearms       | 1 |  1.2
Staves         | 1 |  1.2
Ranged Weapons | 1 |  1.2
Throwing       | 1 |  1.2
Armour         | 1 |  1.2
Shields        | 1 |  1.2
Unarmed Combat | 1 |  1.2
Evocations     | 1 |  1.2
Shapeshifting  | 1 |  1.1
Conjurations   | 1 |  1.0
Hexes          | 1 |  1.0
Summonings     | 1 |  1.0
Necromancy     | 1 |  1.0
Translocations | 1 |  1.0
Fire Magic     | 1 |  1.0
Ice Magic      | 1 |  1.0
Air Magic      | 1 |  1.0
Poison Magic   | 1 |  1.0
Dodging        | |  4.7
Stealth        | |  4.3
Earth Magic    | |  5.5

Action                     |  1- 3 |  4- 6 || total
---------------------------+-------+-------++-------
  Melee: Unarmed           |     1 |       ||     1
         Mace              |     4 |       ||     4
  Throw: Dart              |       |     1 ||     1
   Cast: Sandblast         |    45 |    19 ||    64
 Armour: Robe              |     9 |    10 ||    19
  Dodge: Dodged            |    21 |     7 ||    28

Table legend: (Time is in decaauts)
 A = Elapsed time spent in this place.
 B = Non-inter-level travel time spent in this place.
 C = Inter-level travel time spent in this place.
 D = Time resting spent in this place.
 E = Time spent auto-exploring this place.
 F = Levels seen in this place.
 G = Mean time per level.
                   A        B        C        D        E       F      G
               +--------+--------+--------+--------+--------+-----+--------+
         Total |   1301 |   1270 |     31 |      0 |   1004 |   2 |  650.5 |
       Dungeon |   1301 |   1270 |     31 |      0 |   1004 |   2 |  650.5 |
               +--------+--------+--------+--------+--------+-----+--------+

Top non-repeatable levels by time:
     D:1: 714 daAuts
     D:2: 586 daAuts
